 Dungeon Crawl Stone Soup version 0.30-a0-177-g1cb5dbfd7a (webtiles) character file.

Game seed: 13060781379815608938

78 ders the Digger (level 4, -4/24 HPs)
             Began as a Gargoyle Earth Elementalist on Oct 2, 2022.
             Killed by divine providence
             ... invoked by an orc priest
              (15 damage)
             ... on level 3 of the Dungeon.
             The game lasted 00:02:29 (1950 turns).

ders the Digger (Gargoyle Earth Elementalist)       Turns: 1950, Time: 00:02:29

Health: -4/24      AC:  5    Str: 11    XL:     4   Next: 36%
Magic:  6/8        EV: 11    Int: 18    God:
Gold:   211        SH:  0    Dex: 10    Spells: 4/8 levels left

rFire   . . .      SeeInvis .    (no weapon)
rCold   . . .      Faith    .    (no shield)
rNeg    + . .      Spirit   .    a - +0 robe
rPois   ∞          Reflect  .    (no helmet)
rElec   +          Harm     .    (no cloak)
rCorr   .          Rampage  .    (no gloves)
Will    .....                    (no boots)
Stlth   ++........               (no amulet)
HPRegen 0.24/turn                (no ring)
MPRegen 0.11/turn                (no ring)

@: no status effects
A: sickness immunity, AC +3, negative energy resistance 1, electricity
resistance, torment resistance 1, petrification resistance
a: no special abilities


You were on level 3 of the Dungeon.
You visited 1 branch of the dungeon, and saw 3 of its levels.

You collected 211 gold pieces.

Inventory:

Armour
 a - a +0 robe (worn)
Jewellery
 h - a ring of magical power
 n - an amulet of reflection
Scrolls
 c - a scroll of vulnerability {unknown}
 e - a scroll of enchant weapon {unknown}
 f - a scroll of amnesia {unknown}
 g - 2 scrolls of identify
 i - a scroll of silence {unknown}
 j - a scroll of brand weapon {unknown}
 o - a scroll of noise {unknown}
 p - a scroll of torment {unknown}
Potions
 b - a potion of degeneration {unknown}
 d - 3 potions of flight {unknown}
 k - 2 potions of curing
 l - a potion of brilliance {unknown}
 m - a potion of berserk rage {unknown}


   Skills:
 - Level 1.5 Dodging
 - Level 2.1 Stealth
 + Level 2.8 Spellcasting
 + Level 2.2 Conjurations
 - Level 0.7 Transmutations
 + Level 4.6 Earth Magic


You had 4 spell levels left.
You knew the following spells:

 Your Spells              Type           Power      Damage    Failure   Level
a - Sandblast             Erth           38%        2d10      2%          1
b - Stone Arrow           Conj/Erth      28%        3d8       12%         3

Your spell library contained the following spells:

 Spells                   Type           Power      Damage    Failure   Level
 Magic Dart               Conj           40%        1d5       7%          1
 Passwall                 Tmut/Erth      10%        N/A       9%          2
 Necrotise                Necr           8%         1d4       17%         1
 Call Imp                 Summ           2%         N/A       26%         2
 Mephitic Cloud           Conj/Pois/Air  5%         N/A       36%         3
 Vampiric Draining        Necr           2%         2d6       45%         3
 Petrify                  Tmut/Erth      12%        N/A       50%         4
 Agony                    Necr           2%         N/A       99%         5


Dungeon Overview and Level Annotations

Branches:
Dungeon (3/15)

Altars:

Shops:
D:1 ([


Innate Abilities, Weirdness & Mutations

You are immune to sickness and miasma.
Your stone body is resilient. (AC +3)
You are immune to poison.
You resist negative energy. (rN+)
You are resistant to electric shocks. (rElec)
You are resistant to unholy torment.
You are immune to petrification.


Message History

There are monsters nearby!
There are monsters nearby!
Casting: Sandblast (safe; 2% risk of failure)
Confirm with . or Enter, or press ? or * to list all spells.
Aiming: Sandblast (safe; 2% risk of failure)
Press: ? - help, Shift-Dir - straight line, f - ball python
Aim: a ball python (80% to hit)
The blast of sand hits the ball python!
You kill the ball python!
The orc priest looks braver for a moment.
Unknown command.
Casting: Sandblast (safe; 2% risk of failure)
Confirm with . or Enter, or press ? or * to list all spells.
Aiming: Sandblast (safe; 2% risk of failure)
Press: ? - help, Shift-Dir - straight line, f - orc wizard
Aim: an orc wizard, wielding a +0 dagger and wearing a +0 robe (77% to hit)
The blast of sand hits the orc wizard.
The orc wizard is lightly wounded.
The orc wizard barely misses you.
The orc wizard points at you and mumbles some strange words.
You are confused.
Unknown command.
You're too confused to cast spells.
Unknown command.
You barely miss the orc wizard.
The orc wizard is lightly wounded.
The orc wizard hits you with a +0 dagger.
The orc attacks as you move away! The orc barely misses you.
The orc wizard hits you with a +0 dagger.
It was a potion of curing.
You feel better.
The orc priest calls down the wrath of Beogh upon you.
Beogh smites you!
Ouch! That really hurt!
The orc wizard barely misses you. The orc barely misses you.
The orc wizard hits you but does no damage.
The orc attacks as you move away! The orc closely misses you.
The orc priest mumbles some strange prayers to Beogh against you.
Beogh smites you!
Ouch! That really hurt!
You die...

...... ##### ######
#### ##$_$##
#....#.8$8.#
#....#$.$$.#
#....#$8.8$#
###########....##.o.#
.........##.....##o##
.........##......oo.#
.........##....>@.o>#
.........##.........#
.........##.........#
.........##.........#
########............#
#####'#####'## #.#
#.# #.#####.#
#.......#


You could see an orc priest, 3 orc wizards and an orc.

Vanquished Creatures
  Terence (D:2)
  An adder (D:2)
  A worm (D:2)
  3 bats
  6 endoplasms
  3 giant cockroaches
  3 goblins
  3 hobgoblins
  2 jackals (D:1)
  2 kobolds (D:2)
  A quokka (D:2)
  7 ball pythons
  A frilled lizard (D:3)
  4 rats
38 creatures vanquished.

Notes
Turn   | Place    | Note
-------+----------+-------------------------------------------
     0 | D:1      | ders the Gargoyle Earth Elementalist began the quest for
                  | the Orb.
     0 | D:1      | Reached XP level 1. HP: 10/10 MP: 3/3
    79 | D:1      | Found Isoja's Armour Shoppe.
   185 | D:1      | Found Bourrued's Weapon Emporium.
   372 | D:1      | Reached XP level 2. HP: 15/15 MP: 1/5
   448 | D:1      | Reached skill level 1 in Conjurations
   714 | D:1      | Reached skill level 4 in Earth Magic
   826 | D:2      | Reached XP level 3. HP: 15/19 MP: 1/6
   877 | D:2      | Found a faded altar of an unknown god.
  1040 | D:2      | Noticed Terence
  1160 | D:2      | Learned a level 3 spell: Stone Arrow
  1481 | D:2      | Killed Terence
  1482 | D:2      | Reached XP level 4. HP: 24/24 MP: 3/8
  1950 | D:3      | Killed from afar by an orc priest

Illustrated notes

Levels and vault maps discovered:
D:1:      wander_arrival_estate, layout_loops_cross, serial_shops, shop,
          shop_statue, hangedman_decor_slide_cut
D:2:      layout_rooms, basic_ecumenical_altar, serial_glass, glass_columns_b,
          glass_columns_a, uniq_terence
D:3:      layout_basic, kennysheep_orc_chapel

Skill      XL: |  1  2  3 |
---------------+----------+-----
Conjurations   | 1 2 |  2.2
Earth Magic    | 4 |  4.6
Dodging        | |  1.5
Stealth        | |  2.1
Spellcasting   | |  2.8
Transmutations | |  0.7

Action                   |  1- 3 |  4- 6 || total
-------------------------+-------+-------++-------
Melee: Unarmed           |     8 |     3 ||    11
 Cast: Sandblast         |    43 |    11 ||    54
       Stone Arrow       |     3 |     1 ||     4
  Use: Scroll            |     2 |       ||     2
       Potion            |     1 |     1 ||     2
Armor: Robe              |    12 |     1 ||    13
Dodge: Dodged            |    20 |    10 ||    30

Table legend: (Time is in decaauts)
 A = Elapsed time spent in this place.
 B = Non-inter-level travel time spent in this place.
 C = Inter-level travel time spent in this place.
 D = Time resting spent in this place.
 E = Time spent auto-exploring this place.
 F = Levels seen in this place.
 G = Mean time per level.
                   A        B        C        D        E       F      G
               +--------+--------+--------+--------+--------+-----+--------+
         Total |   1976 |   1900 |     76 |    134 |   1488 |   3 |  658.7 |
       Dungeon |   1976 |   1900 |     76 |    134 |   1488 |   3 |  658.7 |
               +--------+--------+--------+--------+--------+-----+--------+

Top non-repeatable levels by time:
     D:1: 851 daAuts
     D:2: 757 daAuts
     D:3: 368 daAuts
